 Dungeon Crawl Stone Soup version 0.20.1-1-g8b1a95d (webtiles) character file.

15208 jmlagarto the Fighter (level 12, -2/66 HPs)
             Began as a Vine Stalker Fighter on Sept 11, 2017.
             Was a High Priest of Makhleb.
             Slain by a nine-headed hydra (3 damage)
             ... on level 2 of the Lair of Beasts.
             The game lasted 00:21:06 (8919 turns).

jmlagarto the Fighter (Vine Stalker Fighter)        Turns: 8919, Time: 00:21:07

Health: -2/66      AC: 22    Str: 23    XL:     12   Next: 24%
Magic:  0/4        EV:  4    Int:  6    God:    Makhleb [*****.]
Gold:   721        SH:  0    Dex: 15    Spells: 11/11 levels left

rFire    + . .     SeeInvis +   H - +11 battleaxe of Naimm {antimagic, rPois MR+ Int-2}
rCold    + . .     Gourm    .   (shield currently unavailable)
rNeg     . . .     Faith    .   p - +0 gold dragon scales
rPois    +         Spirit   +   y - +1 helmet
rElec    .         Reflect  .   l - +2 cloak {+Inv}
rCorr    .         Harm     .   (no gloves)
MR       ++...                  (no boots)
Stlth    ..........             (no amulet)
Regen    1.1/turn               h - ring of see invisible
MPRegen  0.1/turn               (no ring)

@: no status effects
A: fangs 3, regeneration 2, magic shield, antimagic bite, no potion heal 3, rot
immunity
a: Minor Destruction, Lesser Servant of Makhleb, Major Destruction, Greater
Servant of Makhleb, Renounce Religion, Evoke Invisibility


You were on level 2 of the Lair of Beasts.
You worshipped Makhleb.
Makhleb was extremely pleased with you.
You were not hungry.

You visited 2 branches of the dungeon, and saw 12 of its levels.

You collected 721 gold pieces.

Inventory:

Hand Weapons
 a - a +3 flail
 H - the +11 battleaxe of Naimm (weapon) {antimagic, rPois MR+ Int-2}
   (You found it on level 9 of the Dungeon)

   It reduces the magical energy of the wielder, and disrupts the spells and
   magical abilities of those hit.
   Natural abilities and divine invocations are not affected.
   It affects your intelligence (-2).
   It protects you from poison.
   It affects your resistance to hostile enchantments.
Armour
 b - the +1 buckler "Vowetec" {-Cast MR+ Regen+ Str+2}
   (You found it on level 6 of the Dungeon)

   It affects your strength (+2).
   It affects your resistance to hostile enchantments.
   It prevents spellcasting.
   It increases your rate of regeneration.
 l - a +2 cloak of invisibility (worn)
 p - +0 gold dragon scales (worn)
 y - a +1 helmet (worn)
 z - +0 steam dragon scales
Jewellery
 h - a ring of see invisible (left hand)
 P - an uncursed ring of ice
Wands
 k - a wand of acid (15/15)
 s - a wand of paralysis (7/24)
 x - a wand of random effects (22/48)
 F - a wand of random effects (29/48)
 J - a wand of digging (17/24)
 K - a wand of flame (10/48)
Scrolls
 c - 2 scrolls of enchant weapon
 g - 5 scrolls of magic mapping
 o - 4 scrolls of recharging
 q - 2 scrolls of immolation
 t - 11 scrolls of identify
 u - 2 scrolls of fear
 A - 2 scrolls of amnesia
 B - 2 scrolls of enchant armour {unknown}
 C - 3 scrolls of remove curse
 I - a scroll of teleportation
 M - a scroll of blinking
 N - a scroll of noise {unknown}
 O - a scroll of acquirement {unknown}
Potions
 d - 2 potions of might
 e - 2 potions of brilliance {unknown}
 i - 4 potions of curing {unknown}
 j - 2 potions of flight {unknown}
 m - 3 potions of heal wounds {unknown}
 n - a potion of agility {unknown}
 r - a potion of magic {unknown}
 D - a potion of cancellation {unknown}
 E - 4 potions of lignification {unknown}
Books
 v - a Young Poisoner's Handbook

   Spells                             Type                      Level
   a - Sting                          Conjuration/Poison           1
   b - Poisonous Vapours              Poison/Air                   2
   c - Mephitic Cloud                 Conjuration/Poison/Air       3
   d - Olgreb's Toxic Radiance        Poison                       4
   e - Venom Bolt                     Conjuration/Poison           5
Comestibles
 f - 8 bread rations
 w - a royal jelly
 G - 7 fruits
 L - a meat ration


   Skills:
 + Level 9.0 Fighting
   Level 4.7 Short Blades
 * Level 6.8(8.1) Axes
 - Level 6.6(8.0) Maces & Flails
 + Level 8.4 Armour
 + Level 8.6 Shields


You had 11 spell levels left.
You didn't know any spells.

Dungeon Overview and Level Annotations

Branches:
Dungeon (10/15)            Temple (0/1) D:4            Lair (2/6) D:10
    Orc (0/2) D:9
  Swamp: Lair:2-4    Shoals: Lair:2-4     Snake: Lair:2-4    Spider: Lair:2-4

Altars:
Ashenzari
Elyvilon
Fedhas
Gozag
Hepliaklqana
Kikubaaqudgha
Makhleb
Nemelex Xobeh
Sif Muna
Trog
Uskayaw
Yredelemnul
The Shining One

Shops:
D:8 =   D:10 (


Innate Abilities, Weirdness & Mutations

You have razor-sharp teeth.
You heal very quickly.
When hurt, damage is shared between your health and your magic reserves.
Your bite disrupts and absorbs the magic of your enemies.
Potions cannot restore your health.
You are immune to rotting.


Message History

The nine-headed hydra is almost dead.
The nine-headed hydra bites you.
* * * LOW HITPOINT WARNING * * *
The nine-headed hydra bites you but does no damage. x3
The nine-headed hydra bites you!
* * * LOW HITPOINT WARNING * * *
The nine-headed hydra barely misses you.
The nine-headed hydra bites you.
The nine-headed hydra barely misses you.
The nine-headed hydra bites you.
* * * LOW HITPOINT WARNING * * *
The nine-headed hydra barely misses you.
The nine-headed hydra bites you but does no damage. x3
The nine-headed hydra barely misses you.
The nine-headed hydra bites you.
* * * LOW HITPOINT WARNING * * *
The nine-headed hydra bites you but does no damage.
The nine-headed hydra barely misses you.
The nine-headed hydra bites you.
You die...

##.### #......#.#....
#....#### #####......>....
##......####P#.......##...>
####.....###...........##.#P.
#......................#####.
#.......#.P.#........#.....P.
#.....#...#..###PPP...##....>
#.............##......#......
#.......##..@D.....#...#.....
##...........<............<.P
####.....#..##............#.
#.......######.........###
##.....# ##........... ##..##
#........... #..#
............ .#.
...###....... .... .......


You could see a nine-headed hydra.

Vanquished Creatures
  Fannar (Lair:2)
  A hydra (D:8)
  A two-headed ogre (D:9)
  Maurice (D:9)
  A black mamba (Lair:1)
  4 spiny frogs (Lair:1)
  Joseph (D:9)
  A troll (D:9)
  Prince Ribbit (D:8)
  2 hippogriffs
  Grinder (D:4)
  10 spriggans (Lair:1)
  Sigmund (D:6)
  2 wraiths (D:9)
  8 yaks
  A basilisk (Lair:1)
  3 hogs (D:7)
  A wyvern (Lair:1)
  A hungry ghost (D:9)
  A steam dragon (D:8)
  A human (D:7)
  4 vampire mosquitoes (Lair:1)
  2 insubstantial wisps (Lair:1)
  3 water moccasins
  2 swamp drakes (Lair:1)
  A black bear (D:8)
  3 ice beasts
  A sky beast (D:6)
  2 orc warriors
  A necrophage (D:9)
  A phantom (D:7)
  2 ogres
  2 centaurs
  3 crocodiles
  A big kobold (D:7)
  9 bullfrogs
  A gnoll sergeant (D:7)
  9 killer bees
  A scorpion (D:10)
  10 wights
  A howler monkey (D:9)
  4 crimson imps
  3 human zombies (D:9)
  A bullfrog zombie (D:6)
  A bullfrog skeleton (D:10)
  5 orc priests
  Crazy Yiuf (D:2)
  4 hounds
  A jelly (D:10)
  A centaur skeleton (D:7)
  10 orc wizards
  A human skeleton (D:9)
  Terence (D:2)
  8 worker ants
  2 killer bee zombies
  An ogre zombie (D:9)
  2 hound skeletons
  3 mummies (D:9)
  Robin (D:6)
  8 gnolls
  2 howler monkey skeletons
  9 adders
  2 shadow imps
  An adder zombie (D:6)
  An adder skeleton (D:9)
  3 worms
  4 dart slugs
  5 leopard geckos
  21 orcs
  7 bats
  4 giant cockroaches
  10 goblins
  9 hobgoblins
  6 jackals
  9 quokkas
  3 ball pythons
  7 frilled lizards
  A giant cockroach zombie (D:5)
  17 kobolds
  A leopard gecko zombie (D:6)
  2 quokka zombies
  8 rats
293 creatures vanquished.

Notes
Turn   | Place    | Note
-------+----------+-------------------------------------------
     0 | D:1      | jmlagarto the Vine Stalker Fighter began the quest for the Orb.
     0 | D:1      | Reached XP level 1. HP: 11/11 MP: 2/2
   255 | D:1      | Reached XP level 2. HP: 14/16 MP: 3/3
   641 | D:1      | Reached skill level 3 in Fighting
   691 | D:1      | Reached XP level 3. HP: 15/20 MP: 4/4
   970 | D:2      | Found a burning altar of Makhleb.
   974 | D:2      | Became a worshipper of Makhleb the Destroyer
  1006 | D:2      | Found a hide-covered altar of Uskayaw.
  1021 | D:2      | Noticed Terence
  1036 | D:2      | Killed Terence
  1036 | D:2      | Gained mutation: Your natural rate of healing is unusually fast. [Vine Stalker growth]
  1036 | D:2      | Reached XP level 4. HP: 20/24 MP: 5/5
  1063 | D:2      | Found a white marble altar of Elyvilon.
  1240 | D:2      | Found a runed door.
  1561 | D:2      | Noticed Crazy Yiuf
  1571 | D:2      | Killed Crazy Yiuf
  1571 | D:2      | Reached XP level 5. HP: 8/28 MP: 2/6
  1956 | D:3      | Reached * piety under Makhleb
  2482 | D:4      | Noticed Grinder
  2492 | D:4      | Paralysed by Grinder for 3 turns
  2499 | D:4      | Killed Grinder
  2499 | D:4      | Reached skill level 4 in Fighting
  2499 | D:4      | Reached XP level 6. HP: 25/33 MP: 7/7
  2559 | D:4      | Found a deep blue altar of Sif Muna.
  2703 | D:4      | Reached XP level 7. HP: 33/38 MP: 8/8
  2791 | D:4      | Found a staircase to the Ecumenical Temple.
  2907 | D:4      | Found a blossoming altar of Fedhas.
  3032 | D:4      | Found a bloodstained altar of Trog.
  3221 | D:5      | Entered Level 5 of the Dungeon
  3296 | D:5      | Found an ancient bone altar of Kikubaaqudgha.
  3347 | D:5      | Found a sparkling altar of Nemelex Xobeh.
  3474 | D:5      | Reached ** piety under Makhleb
  3811 | D:5      | Found a glowing golden altar of the Shining One.
  3870 | D:5      | Found a hazy altar of Hepliaklqana.
  4034 | D:6      | Noticed Robin
  4041 | D:6      | Killed Robin
  4138 | D:6      | Reached skill level 5 in Fighting
  4138 | D:6      | Gained mutation: You have razor-sharp teeth. [Vine Stalker growth]
  4138 | D:6      | Reached XP level 8. HP: 43/43 MP: 9/9
  4156 | D:6      | Noticed Sigmund
  4187 | D:6      | Killed Sigmund
  4197 | D:6      | Got a translucent buckler
  4208 | D:6      | Identified the +1 buckler "Vowetec" {-Cast MR+ Regen+ Str+2} (You found it on level 6 of the Dungeon)
  4401 | D:6      | Reached skill level 5 in Armour
  4404 | D:6      | Reached skill level 5 in Shields
  4588 | D:6      | Found a blossoming altar of Fedhas.
  4722 | D:6      | Reached skill level 1 in Maces & Flails
  4886 | D:7      | Reached *** piety under Makhleb
  4889 | D:7      | Reached XP level 9. HP: 46/48 MP: 10/10
  4939 | D:7      | Reached skill level 6 in Fighting
  5113 | D:7      | Found a shattered altar of Ashenzari.
  5348 | D:7      | Reached **** piety under Makhleb
  5443 | D:7      | Reached skill level 5 in Maces & Flails
  5443 | D:7      | Reached XP level 10. HP: 53/53 MP: 11/11
  5542 | D:8      | Noticed a four-headed hydra
  5551 | D:8      | Killed a four-headed hydra
  5551 | D:8      | Reached skill level 7 in Fighting
  5772 | D:8      | Noticed Prince Ribbit
  5776 | D:8      | Killed Prince Ribbit
  5971 | D:8      | Found Ededanun's Jewellery Boutique.
  6302 | D:9      | Found a staircase to the Orcish Mines.
  6576 | D:9      | Got a brightly glowing battleaxe
  6582 | D:9      | Identified the +11 battleaxe of Naimm {antimagic, rPois MR+ Int-2} (You found it on level 9 of the Dungeon)
  6603 | D:9      | Noticed a two-headed ogre
  6629 | D:9      | Killed a two-headed ogre
  6629 | D:9      | Reached skill level 1 in Axes
  6731 | D:9      | Noticed Joseph
  6736 | D:9      | Killed Joseph
  6839 | D:9      | Reached XP level 11. HP: 60/60 MP: 4/12
  6876 | D:9      | Found an opulent altar of Gozag.
  7013 | D:9      | Noticed Maurice
  7021 | D:9      | Killed Maurice
  7147 | D:9      | Reached skill level 8 in Fighting
  7159 | D:9      | Found a basalt altar of Yredelemnul.
  7256 | D:10     | Entered Level 10 of the Dungeon
  7304 | D:10     | Found Jetsilye's Antique Weapon Shoppe.
  7395 | D:10     | Found a staircase to the Lair.
  7812 | D:10     | Reached ***** piety under Makhleb
  7890 | Lair:1   | Entered Level 1 of the Lair of Beasts
  8127 | Lair:1   | Reached skill level 5 in Axes
  8342 | Lair:1   | Gained mutation: You heal very quickly. [Vine Stalker growth]
  8342 | Lair:1   | Reached XP level 12. HP: 54/65 MP: 3/13
  8838 | Lair:2   | Noticed Fannar
  8853 | Lair:2   | Killed Fannar
  8853 | Lair:2   | Reached skill level 9 in Fighting
  8913 | Lair:2   | Noticed a five-headed hydra
  8919 | Lair:2   | HP: 1/66 [nine-headed hydra (4)]
  8919 | Lair:2   | Slain by a nine-headed hydra

Skill      XL: |  1  2  3  4  5  6  7  8  9 10 11 12 |
---------------+-------------------------------------+-----
Short Blades   | 2 3 4 |  4.7
Fighting       | 3 4 5 6 7 8 9 |  9.0
Shields        | 3 4 5 6 7 8 |  8.6
Armour         | 3 4 5 6 7 8 |  8.4
Maces & Flails | 1 5 6 |  6.6
Axes           | 2 6 |  6.8

Action                   |  1- 3 |  4- 6 |  7- 9 | 10-12 || total
-------------------------+-------+-------+-------+-------++-------
Melee: Rapier            |    96 |   160 |   221 |       ||   477
       Bite              |    27 |    49 |   150 |   121 ||   347
       Flail             |       |       |   210 |    99 ||   309
       Battleaxe         |       |       |       |   279 ||   279
Evoke: Wand              |       |       |       |     2 ||     2
  Use: Scroll            |     6 |       |     5 |       ||    11
       Potion            |       |     1 |       |       ||     1
  Eat: Fruit             |       |     2 |       |       ||     2
       Meat ration       |       |     1 |     2 |     1 ||     4
       Royal jelly       |       |       |     4 |     5 ||     9
Armor: Scale mail        |    36 |       |       |       ||    36
       Gold dragon scale |     8 |   103 |   426 |   393 ||   930
Dodge: Dodged            |    21 |     4 |    78 |    98 ||   201
Block: Shield            |    43 |    65 |    94 |       ||   202
       Buckler           |       |       |   126 |    39 ||   165
